 Dungeon Crawl Stone Soup version 0.20.1-1-g8b1a95d (webtiles) character file.

133 DariDude the Skirmisher (level 5, -3/70 HPs)
             Began as a Hill Orc Monk on Oct 29, 2017.
             Slain by mmigdal's ghost (4 damage)
             ... on level 3 of the Dungeon.
             The game lasted 00:14:38 (2547 turns).

DariDude the Skirmisher (Hill Orc Monk)             Turns: 2547, Time: 00:14:38

Health: -3/70      AC: 22    Str: 15    XL:     5   Next: 16%
Magic:  5/5        EV:  2    Int: 10    God:
Gold:   101        SH:  0    Dex: 13    Spells: 4/4 levels left

rFire    . . .     SeeInvis .   o - +0 quarterstaff (curse)
rCold    . . .     Gourm    .   (shield currently unavailable)
rNeg     + + +     Faith    .   (armour currently unavailable)
rPois    +         Spirit   .   (helmet currently unavailable)
rElec    .         Reflect  .   (cloak currently unavailable)
rCorr    .         Harm     .   (gloves currently unavailable)
MR       .....     NoTele   +   (boots currently unavailable)
Stlth    ++........             d - amulet of rage
Regen    0.3/turn               (no ring)
MPRegen  0.1/turn               (no ring)

@: lethally poisoned (-3 -> -4), tree-form
A: no striking features
a: Evoke Berserk Rage


You were on level 3 of the Dungeon.
You were not hungry.
You were a tree.
You visited 1 branch of the dungeon, and saw 3 of its levels.

You collected 101 gold pieces.

Inventory:

Hand Weapons
 a - a +0 spear
 f - a +0 whip
 i - a +0 club
 k - a +0 dagger
 l - a +1 dagger of venom
 o - a cursed +0 quarterstaff (weapon)
 p - a +0 flail
 q - a +0 whip
Missiles
 j - 32 bolts
 n - 22 arrows
Armour
 b - a +0 robe
 e - a +0 leather armour
 g - a +0 ring mail
 r - a +0 scale mail (melded)
Jewellery
 d - an amulet of rage (around neck)
Scrolls
 s - a scroll of identify
Comestibles
 c - a bread ration
 m - 6 meat rations


   Skills:
 + Level 4.4 Fighting
 + Level 3.7(4.1) Polearms
 + Level 1.9(2.8) Staves
 + Level 1.4 Armour
 + Level 3.1 Dodging
 + Level 1.8 Stealth


You had 4 spell levels left.
You didn't know any spells.

Dungeon Overview and Level Annotations

Branches:
Dungeon (3/15)

Altars:

Annotations:
D:3 mmigdal's ghost, amateur DsAK


Message History

The quokka barely misses you.
Mmigdal's ghost hits you but does no damage.
You hit mmigdal's ghost but do no damage.
Mmigdal's ghost is heavily damaged.
* * * LOW HITPOINT WARNING * * *
You feel sick.
The quokka bites you but does no damage.
Mmigdal's ghost closely misses you.
The quokka bites you but does no damage.
There is a lethal amount of poison in your body!
It was a potion of lignification.
You turn into a tree.
Your +0 scale mail melds into your body.
Your roots penetrate the ground.
The quokka bites you but does no damage.
Mmigdal's ghost hits you but does no damage.
You barely miss mmigdal's ghost.
Mmigdal's ghost is heavily damaged.
The quokka bites you but does no damage.
Mmigdal's ghost hits you.
You die...

#.#.......#.......##.#.....#
#.#.###.######'#####.#.....#
#.#.#....# ##.# ###+##+####
#.#.#....####..##.....
#.#...#...............
#.#......#####........
#.#............##.....
#.####...####.....#...
#.........r♣W.....+ ..
##........###.....# .
#........# #.....#
#........# #.....#
#........# #.....#
#........# #.....#
#........# #.....#
#........# #.....#
#.............####


You could see mmigdal's ghost and a quokka.

Vanquished Creatures
  A worker ant (D:3)
  3 gnolls (D:2)
  3 adders (D:2)
  A dart slug (D:1)
  A leopard gecko (D:2)
  A giant cockroach (D:3)
  7 goblins
  5 hobgoblins
  2 jackals (D:1)
  4 kobolds
  2 quokkas (D:2)
  2 ball pythons (D:2)
  8 bats
  A frilled lizard (D:3)
  11 rats
52 creatures vanquished.

Notes
Turn   | Place    | Note
-------+----------+-------------------------------------------
     0 | D:1      | DariDude the Hill Orc Monk began the quest for the Orb.
     0 | D:1      | Reached XP level 1. HP: 19/19 MP: 1/1
   300 | D:1      | Reached XP level 2. HP: 25/27 MP: 2/2
   695 | D:1      | Reached skill level 4 in Fighting
  1216 | D:2      | Reached XP level 3. HP: 33/33 MP: 3/3
  1303 | D:2      | Reached XP level 4. HP: 38/40 MP: 4/4
  1592 | D:2      | Reached skill level 1 in Staves
  1842 | D:2      | Reached skill level 1 in Armour
  2506 | D:3      | Noticed mmigdal's ghost (amateur DsAK)
  2536 | D:3      | Reached XP level 5. HP: 20/47 MP: 5/5
  2542 | D:3      | HP: 2/47 [mmigdal's ghost (4)]
  2547 | D:3      | Slain by mmigdal's ghost

Skill      XL: |  1  2  3  4 |
---------------+-------------+-----
Fighting       | 4 |  4.4
Dodging        | 3 |  3.1
Staves         | 1 |  1.9
Armour         | 1 |  1.4
Polearms       | |  3.7
Stealth        | |  1.8

Action                   |  1- 3 |  4- 6 || total
-------------------------+-------+-------++-------
Melee: Spear             |    23 |       ||    23
       Quarterstaff      |    33 |   109 ||   142
       Dagger            |    11 |       ||    11
 Abil: Evoke Berserk Rag |     1 |       ||     1
  Use: Potion            |     4 |     2 ||     6
       Scroll            |     3 |     5 ||     8
 Stab: Sleeping          |     1 |       ||     1
  Eat: Chunk             |     1 |     5 ||     6
Armor: Ring mail         |    15 |    19 ||    34
       Scale mail        |       |    34 ||    34
       Skin              |       |     3 ||     3
Dodge: Dodged            |    44 |    86 ||   130
